 Dungeon Crawl Stone Soup version 0.21-a0-78-g82a99e0 (webtiles) character file.

29 HAL9000 the Sneak (level 3, 0/18 HPs)
             Began as a Vine Stalker Assassin on June 21, 2017.
             Slain by a kobold
             ... wielding a +0 dagger
              (3 damage)
             ... on level 1 of the Dungeon.
             The game lasted 00:01:44 (976 turns).

HAL9000 the Sneak (Vine Stalker Assassin)            Turns: 976, Time: 00:01:44

Health: 0/18       AC:  3    Str: 14    XL:     3   Next: 16%
Magic:  0/4        EV: 11    Int: 11    God:
Gold:   61         SH:  0    Dex: 15    Spells: 2/2 levels left

rFire    . . .     SeeInvis .   a - +2 dagger
rCold    . . .     Gourm    .   (no shield)
rNeg     . . .     Faith    .   c - +0 robe
rPois    .         Spirit   +   (no helmet)
rElec    .         Reflect  .   d - +0 cloak
rCorr    .         Harm     .   (no gloves)
MR       .....                  (no boots)
Stlth    +++.......             (no amulet)
HPRegen  0.06/turn              (no ring)
MPRegen  0.09/turn              (no ring)

@: no status effects
A: fangs 2, magic shield, antimagic bite, no potion heal 3, rot immunity
a: no special abilities


You were on level 1 of the Dungeon.
You were not hungry.

You visited 1 branch of the dungeon, and saw 1 of its levels.

You collected 61 gold pieces.

Inventory:

Hand Weapons
 a - a +2 dagger (weapon)
 b - a +0 blowgun
Missiles
 e - 8 poisoned needles
 f - 2 curare-tipped needles
Armour
 c - a +0 robe (worn)
 d - a +0 cloak (worn)
Scrolls
 i - 2 scrolls of identify {unknown}
 k - a scroll of remove curse {unknown}
 l - a scroll of teleportation {unknown}
 n - a scroll of enchant armour {unknown}
Potions
 m - a potion of degeneration {unknown}
Comestibles
 g - a bread ration


   Skills:
 - Level 1.7 Fighting
 + Level 3.1 Short Blades
 - Level 1.7 Throwing
 - Level 0.7 Dodging
 - Level 4.8 Stealth


You had 2 spell levels left.
You didn't know any spells.

Dungeon Overview and Level Annotations

Branches:
Dungeon (1/15)

Altars:


Innate Abilities, Weirdness & Mutations

You have extremely sharp teeth.
When hurt, damage is shared between your health and your magic reserves.
Your bite disrupts and absorbs the magic of your enemies.
Potions cannot restore your health.
You are immune to rotting.


Message History

The hobgoblin barely misses you. The kobold misses you.
The hobgoblin misses you. The kobold hits you but does no damage.
Found 18 sling bullets.
Things that are here:
4 gold pieces; a leopard gecko corpse You hit the hobgoblin.
Your bite misses the hobgoblin.
The hobgoblin is severely wounded.
The hobgoblin hits you with a club.
* * * LOW HITPOINT WARNING * * *
You hit the hobgoblin.
You kill the hobgoblin!
The kobold hits you with a dagger.
* * * LOW HITPOINT WARNING * * *
The kobold misses you.
Things that are here:
a club; a hobgoblin corpse You completely miss the kobold.
Your bite misses the kobold. The kobold hits you but does no damage.
You miss the kobold. The kobold hits you with a dagger.
You die...

.# #.....# # .# #.....#
.#.. #
.#####.....###.#.. #
...............#.##
#.######
..................
........ .# #..†..#..
#.# . ####... .#
#.....#.####.# ... #...
.# #....†#(..?..###....
#... .#
#.........(K@......(
#... .#
#....(......$.......
###...
.####...................
##.....
....................###.
........
#####.................#
........
####.######.###...#
#....... ..... ....
..... .##..... ##.###
###. ...#. #..... # .#
..# .. #.....


You could see a kobold.

Vanquished Creatures
  An ooze (D:1)
  2 leopard geckos (D:1)
  3 giant cockroaches (D:1)
  A goblin (D:1)
  3 hobgoblins (D:1)
  3 kobolds (D:1)
  2 ball pythons (D:1)
  2 bats (D:1)
  A frilled lizard (D:1)
  3 rats (D:1)
21 creatures vanquished.

Notes
Turn   | Place    | Note
-------+----------+-------------------------------------------
     0 | D:1      | HAL9000 the Vine Stalker Assassin began the quest for the Orb.
     0 | D:1      | Reached XP level 1. HP: 11/11 MP: 2/2
   231 | D:1      | Reached XP level 2. HP: 15/15 MP: 3/3
   929 | D:1      | Reached XP level 3. HP: 18/18 MP: 4/4
   976 | D:1      | Slain by a kobold

Vault maps used:
D:1:      lightli_arrival_flooded_house, minmay_misc_feat_encased

Skill      XL: |  1  2 |
---------------+-------+-----
Short Blades   | 2 3 |  3.1
Fighting       | |  1.7
Throwing       | |  1.7
Dodging        | |  0.7
Stealth        | |  4.8

Action                   || total
-------------------------++-------
Melee: Dagger            ||    74
       Bite              ||    16
 Stab: Sleeping          ||     3
Armor: Robe              ||    17
Dodge: Dodged            ||    42
